Little Stars vs Rampage
(R1)
Created - March 20, 2022 at 21:04
Goals
|
| Little Stars |
1 |
2 |
0 |
3 |
| Rampage |
1 |
1 |
0 |
2 |
|
Shots
|
| Little Stars |
13 |
16 |
3 |
32 |
| Rampage |
11 |
13 |
9 |
33 |
|
1st period
1. Rampage , Petr Straka 14 (Kevan Miller 8) at 15:54
2. Little Stars , Sebastian Wannstrom 16 (Adam Tambellini 23) at 19:04
Penalties :
T.J. Tynan (San) for Hooking (Minor) at 10:18, Jordan LaVallee (Tex) for Hooking (Minor) at 10:25
2nd period
3. Little Stars , Adam Tambellini 20 (Eric Knodel 11, Jason Dickinson 12) at 6:17 (PP)
4. Little Stars , Daniil Tarasov 3 (Michael Mersch 8, Tucker Poolman 12) at 14:20
5. Rampage , Collin Miller 4 (Adam Clendening 8, T.J. Tynan 16) at 19:43
Penalties :
Tucker Poolman (Tex) for Hooking (Minor) at 1:25, Jack Roslovic (San) for Goalie Interference (Minor) at 6:05
3rd period
No Goal
Penalties :
Anton Cederholm (Tex) for High sticking (Minor) at 4:42, Charlie McAvoy (San) for Hooking (Minor) at 7:34, Joakim Nygard (Tex) for Interference (Minor) at 17:26
Goalie Stats
Dustin Tokarski (Tex), 31 saves from 33 shots - (0.939), W, 8-7-1, 60:00 minutes
Elvis Merzlikins (San), 29 saves from 32 shots - (0.906), L, 16-12-6, 59:35 minutes
Players Stats for Little Stars
Player Name G A P +/- PIM S H SB GA TA FO MP PP MP PK MP
------------------------------------------------------------------------------------
Adam Tambellini 1 1 2 0 0 2 2 1 1 1 0/1 17:49 1:03 2:31
Anton Cederholm 0 0 0 1 2 2 4 0 0 1 0/0 27:03 1:28 2:24
Daniel O'regan 0 0 0 -1 0 2 1 0 2 1 13/27 19:23 1:15 1:16
Daniil Tarasov 1 0 1 1 0 1 0 1 0 0 0/0 7:41 0:00 0:00
Emile Poirier 0 0 0 0 0 0 0 0 0 0 0/1 1:19 0:00 0:13
Eric Knodel 0 1 1 1 0 1 1 1 0 1 0/0 25:17 1:28 3:27
Frederic Allard 0 0 0 -1 0 1 1 0 0 2 0/0 12:26 0:00 1:40
Ilya Mikheyev 0 0 0 -1 0 0 3 0 0 1 1/2 21:58 1:15 3:20
Jason Dickinson 0 1 1 0 0 2 2 0 0 1 9/14 14:49 1:03 0:00
Joakim Nygard 0 0 0 0 2 5 0 0 0 1 0/0 11:32 0:00 0:00
Joey Anderson 0 0 0 0 0 0 0 0 0 0 0/0 0:00 0:00 0:00
Jonathan Dahlen 0 0 0 0 0 0 0 0 0 0 0/0 0:00 0:00 0:00
Jordan LaVallee 0 0 0 -1 2 4 0 1 0 0 4/6 21:18 1:14 3:18
Justin Auger 0 0 0 0 0 0 0 0 0 0 0/0 0:00 0:00 0:00
Lawrence Pilut 0 0 0 0 0 0 1 0 0 0 0/0 3:55 0:00 0:39
Matt Luff 0 0 0 0 0 0 0 0 0 0 0/0 2:01 0:00 1:30
Michael Mersch 0 1 1 1 0 3 0 0 0 1 1/1 7:41 0:00 0:00
Radel Fazleev 0 0 0 1 0 1 0 0 0 0 0/3 7:41 0:00 0:00
Reece Willcox 0 0 0 0 0 1 0 2 1 2 0/0 21:24 0:50 2:37
Roman Horak 0 0 0 0 0 1 0 0 0 0 3/7 11:29 0:00 0:00
Sebastian Wannstrom 1 0 1 0 0 4 1 0 1 0 0/2 14:49 1:03 0:00
Shane Gersich 0 0 0 0 0 0 0 0 0 0 0/0 0:46 0:00 0:00
Tucker Poolman 0 1 1 0 2 1 5 1 0 0 0/0 19:41 0:50 1:21
Ville Pokka 0 0 0 -1 0 0 0 0 0 1 0/0 10:29 0:00 0:00
Zach Budish 0 0 0 0 0 1 1 1 2 0 0/0 11:29 0:00 0:00
Players Stats for Rampage
Player Name G A P +/- PIM S H SB GA TA FO MP PP MP PK MP
------------------------------------------------------------------------------------
Adam Clendening 0 1 1 1 0 2 1 1 0 1 0/0 16:44 0:00 1:15
Anthony Richard 0 0 0 -1 0 1 1 0 1 0 2/4 9:17 0:00 0:00
Artturi Lehkonen 0 0 0 -1 0 0 0 0 2 0 1/1 10:57 0:00 0:20
Brendan Lemieux 0 0 0 0 0 0 0 0 2 0 0/0 20:45 3:09 1:27
Charlie McAvoy 0 0 0 0 2 1 0 3 0 1 0/0 20:06 0:07 0:00
Collin Miller 1 0 1 1 0 2 1 1 0 1 0/0 16:42 2:28 1:15
Denis Gurianov 0 0 0 1 0 1 3 0 1 0 1/1 15:49 2:48 0:00
Ethan Bear 0 0 0 -1 0 3 1 3 0 2 0/0 20:38 3:36 1:03
Jack Roslovic 0 0 0 0 2 1 0 0 2 0 21/40 20:32 3:09 1:15
Jean-Sebastien Dea 0 0 0 0 0 1 3 0 0 0 2/5 14:46 2:55 0:00
Jordan Greenway 0 0 0 0 0 4 0 1 0 0 1/3 12:25 0:00 0:32
Jordan Kyrou 0 0 0 0 0 2 1 0 1 0 1/1 19:18 3:09 0:00
Kevan Miller 0 1 1 -1 0 3 1 0 1 0 0/0 21:28 2:21 0:00
Mathieu Joseph 0 0 0 0 0 1 1 2 1 1 0/0 11:32 0:00 0:31
Petr Straka 1 0 1 -1 0 5 1 0 0 0 0/1 11:15 0:07 0:00
Ryan Lomberg 0 0 0 1 0 1 4 0 0 0 0/0 15:21 2:48 0:00
T.J. Tynan 0 1 1 1 2 3 0 0 0 0 4/8 13:23 0:07 0:31
Tony DeAngelo 0 0 0 0 0 2 0 3 2 1 0/0 24:49 3:36 1:03
3 Stars
1 - Adam Tambellini (Tex)
2 - Daniil Tarasov (Tex)
3 - Dustin Tokarski (Tex)
Power Play
Little Stars - 1 on 3 Attempt(s) - 33.33%
Rampage - 0 on 4 Attempt(s) - 0.00%
Penalty Kill
Little Stars - 4 on 4 Attempt(s) - 100.00%
- Score 0 goal in Penalty Kill
Rampage - 2 on 3 Attempt(s) - 66.67%
- Score 0 goal in Penalty Kill
Team Stat
Little Stars - Hits : 22 - Faceoff Wins : 31 - Blocked Shots : 8 - Penalty Minutes : 8
Rampage - Hits : 18 - Faceoff Wins : 33 - Blocked Shots : 14 - Penalty Minutes : 6
Official
Referees : Frederick L'Ecuyer and Reid Anderson
Linesman : Steve Miller and Devin Berg
Game Notes
No Game Note
Finance
Level 1 -- Attendance: 1879 (93.95%) -- Ticket Income $65,765
Level 2 -- Attendance: 972 (97.20%) -- Ticket Income $14,580
Total Attendance: 2851 (95.03%)
Total Ticket Income: $80,345
Other Income: $4,017
Total Income: $84,362
Little Stars
5 vs 5 Forward
Center Left Wing Right Wing Time % Phy DF OF
1 Daniel O'regan Jordan LaVallee Ilya Mikheyev 40 1 2 2
2 Jason Dickinson Adam Tambellini Sebastian Wannstrom 30 1 2 2
3 Roman Horak Joakim Nygard Zach Budish 20 1 2 2
4 Radel Fazleev Michael Mersch Daniil Tarasov 10 1 2 2
5 vs 5 Defense
Defense Defense Time % Phy DF OF
1 Anton Cederholm Eric Knodel 40 1 2 2
2 Reece Willcox Tucker Poolman 30 1 2 2
3 Ville Pokka Frederic Allard 20 1 2 2
4 Lawrence Pilut Anton Cederholm 10 1 2 2
PowerPlay Forward
Center Left Wing Right Wing Time % Phy DF OF
1 Daniel O'regan Jordan LaVallee Ilya Mikheyev 60 1 2 2
2 Jason Dickinson Adam Tambellini Sebastian Wannstrom 40 1 2 2
PowerPlay Defense
Defense Defense Time % Phy DF OF
1 Anton Cederholm Eric Knodel 60 1 2 2
2 Reece Willcox Tucker Poolman 40 1 2 2
Penalty Kill 4 Players Forward
Center Wing Time % Phy DF OF
1 Jordan LaVallee Ilya Mikheyev 60 1 2 2
2 Adam Tambellini Daniel O'regan 40 1 2 2
Penalty Kill 4 Players Defense
Defense Defense Time % Phy DF OF
1 Anton Cederholm Eric Knodel 60 1 2 2
2 Reece Willcox Tucker Poolman 40 1 2 2
Penalty Kill - 3 Players Forward
Forward Time % Phy DF OF
1 Jordan LaVallee 60 1 2 2
2 Ilya Mikheyev 40 1 2 2
Penalty Kill - 3 Players Defense
Defense Defense Time % Phy DF OF
1 Anton Cederholm Eric Knodel 60 1 2 2
2 Reece Willcox Tucker Poolman 40 1 2 2
4 vs 4 Forward
Center Wing Time % Phy DF OF
1 Jordan LaVallee Ilya Mikheyev 60 1 2 2
2 Adam Tambellini Daniel O'regan 40 1 2 2
4 vs 4 Defense
Defense Defense Time % Phy DF OF
1 Anton Cederholm Eric Knodel 60 1 2 2
2 Reece Willcox Tucker Poolman 40 1 2 2
Last Minutes Offensive
Center Left Wing Right Wing Defense Defense
Daniel O'regan Jordan LaVallee Ilya Mikheyev Anton Cederholm Eric Knodel
Last Minutes Defensive
Center Left Wing Right Wing Defense Defense
Daniel O'regan Jordan LaVallee Ilya Mikheyev Anton Cederholm Eric Knodel
Goaltenders
Starting : Dustin Tokarski
Backup : Connor Knapp
Extra Forwards
Normal : Emile Poirier, Shane Gersich, Matt Luff - PP : Emile Poirier, Shane Gersich - PK : Matt Luff
Extra Defensemen
Normal : Ville Pokka, Frederic Allard, Lawrence Pilut - PP : Ville Pokka - PK : Frederic Allard, Lawrence Pilut
Penalty Shots
Jordan LaVallee, Ilya Mikheyev, Adam Tambellini, Daniel O'regan, Joakim Nygard
Scratches
Jean-Christophe Beaudin (Healthy), Rudolfs Balcers (Healthy), Yakov Trenin (Healthy), Henrik Borgstrom (Chest/Ribs Injury), Givani Smith (Healthy)
Rampage
5 vs 5 Forward
Center Left Wing Right Wing Time % Phy DF OF
1 Jack Roslovic Brendan Lemieux Jordan Kyrou 40 1 2 2
2 T.J. Tynan Ryan Lomberg Denis Gurianov 30 1 2 2
3 Jean-Sebastien Dea Jordan Greenway Mathieu Joseph 20 1 2 2
4 Anthony Richard Artturi Lehkonen Petr Straka 10 1 2 2
5 vs 5 Defense
Defense Defense Time % Phy DF OF
1 Charlie McAvoy Tony DeAngelo 40 1 2 2
2 Kevan Miller Ethan Bear 30 1 2 2
3 Adam Clendening Collin Miller 20 1 2 2
4 Kevan Miller Adam Clendening 10 1 2 2
PowerPlay Forward
Center Left Wing Right Wing Time % Phy DF OF
1 Jack Roslovic Brendan Lemieux Jordan Kyrou 60 1 2 2
2 Jean-Sebastien Dea Ryan Lomberg Denis Gurianov 40 1 2 2
PowerPlay Defense
Defense Defense Time % Phy DF OF
1 Ethan Bear Tony DeAngelo 60 1 2 2
2 Kevan Miller Collin Miller 40 1 2 2
Penalty Kill 4 Players Forward
Center Wing Time % Phy DF OF
1 Jack Roslovic Brendan Lemieux 60 1 2 2
2 T.J. Tynan Mathieu Joseph 40 1 2 2
Penalty Kill 4 Players Defense
Defense Defense Time % Phy DF OF
1 Adam Clendening Collin Miller 60 1 2 2
2 Tony DeAngelo Ethan Bear 40 1 2 2
Penalty Kill - 3 Players Forward
Forward Time % Phy DF OF
1 T.J. Tynan 60 1 2 2
2 Jack Roslovic 40 1 2 2
Penalty Kill - 3 Players Defense
Defense Defense Time % Phy DF OF
1 Adam Clendening Tony DeAngelo 60 1 2 2
2 Collin Miller Ethan Bear 40 1 2 2
4 vs 4 Forward
Center Wing Time % Phy DF OF
1 Jean-Sebastien Dea Petr Straka 60 1 2 2
2 T.J. Tynan Mathieu Joseph 40 1 2 2
4 vs 4 Defense
Defense Defense Time % Phy DF OF
1 Adam Clendening Tony DeAngelo 60 1 2 2
2 Collin Miller Charlie McAvoy 40 1 2 2
Last Minutes Offensive
Center Left Wing Right Wing Defense Defense
Jack Roslovic Brendan Lemieux Petr Straka Ethan Bear Tony DeAngelo
Last Minutes Defensive
Center Left Wing Right Wing Defense Defense
T.J. Tynan Brendan Lemieux Mathieu Joseph Adam Clendening Collin Miller
Goaltenders
Starting : Elvis Merzlikins
Backup : Brandon Halverson
Extra Forwards
Normal : Denis Gurianov, Jean-Sebastien Dea, Jordan Greenway - PP : Denis Gurianov, Jean-Sebastien Dea - PK : Jordan Greenway
Extra Defensemen
Normal : Ethan Bear, Charlie McAvoy, Collin Miller - PP : Ethan Bear - PK : Charlie McAvoy, Collin Miller
Penalty Shots
Jack Roslovic, Jordan Kyrou, Petr Straka, T.J. Tynan, Jean-Sebastien Dea
Scratches
Colton Sceviour (Healthy), Dylan Sikura (Healthy), Roland McKeown (Abdomen/Ribs Injury), Scott Wilson (Healthy), Dylan Gambrell (Healthy)
Eamon McAdam (Healthy)
% Time on Ice - Little Stars
Lines # - Real PCT - Wanted PCT - Time Play
Normal Forward
1 - 33% - 40% - 16:20
2 - 28% - 30% - 13:46
3 - 23% - 20% - 11:29
4 - 16% - 10% - 7:41
Normal Defense
1 - 40% - 40% - 19:43
2 - 33% - 30% - 16:14
3 - 21% - 20% - 10:29
4 - 6% - 10% - 2:50
PP Forward
1 - 54% - 60% - 1:15
2 - 46% - 40% - 1:03
PP Defense
1 - 64% - 60% - 1:28
2 - 36% - 40% - 0:50
PK Forward
1 - 82% - 60% - 5:00
2 - 18% - 40% - 1:04
PK Defense
1 - 65% - 60% - 3:56
2 - 35% - 40% - 2:08
PK3 Forward
1 - 0% - 60%
2 - 0% - 40%
PK3 Defense
1 - 0% - 60%
2 - 0% - 40%
44 Forward
1 - 88% - 60% - 1:38
2 - 13% - 40% - 0:14
44 Defense
1 - 58% - 60% - 1:05
2 - 42% - 40% - 0:47
Last Minute Offensive - 0:00
Last Minute Defensive - 0:30
Total
Forward - 60:00
Defense - 60:00
|
% Time on Ice - Rampage
Lines # - Real PCT - Wanted PCT - Time Play
Normal Forward
1 - 34% - 40% - 16:50
2 - 25% - 30% - 12:33
3 - 21% - 20% - 10:33
4 - 19% - 10% - 9:17
Normal Defense
1 - 40% - 40% - 19:37
2 - 33% - 30% - 16:11
3 - 21% - 20% - 10:16
4 - 6% - 10% - 3:09
PP Forward
1 - 54% - 60% - 3:16
2 - 46% - 40% - 2:48
PP Defense
1 - 59% - 60% - 3:36
2 - 41% - 40% - 2:28
PK Forward
1 - 78% - 60% - 1:47
2 - 22% - 40% - 0:31
PK Defense
1 - 54% - 60% - 1:15
2 - 46% - 40% - 1:03
PK3 Forward
1 - 0% - 60%
2 - 0% - 40%
PK3 Defense
1 - 0% - 60%
2 - 0% - 40%
44 Forward
1 - 75% - 60% - 1:24
2 - 25% - 40% - 0:28
44 Defense
1 - 55% - 60% - 1:02
2 - 45% - 40% - 0:50
Last Minute Offensive - 0:33
Last Minute Defensive - 0:00
Total
Forward - 60:00
Defense - 60:00
|
Play-by-Play
1st period
0:01 of 1st period - Jack Roslovic wins face-off versus Daniel O'regan in neutral zone.
0:03 of 1st period - Off-side.
0:04 of 1st period - Jack Roslovic wins face-off versus Daniel O'regan in neutral zone.
0:13 of 1st period - Snap shot by Brendan Lemieux.
0:13 of 1st period - Shot Misses the Net.
0:19 of 1st period - Tony DeAngelo is hit by Anton Cederholm and loses puck.
0:34 of 1st period - Snap shot by T.J. Tynan.
0:34 of 1st period - Stopped by Dustin Tokarski without a rebound.
0:35 of 1st period - Denis Gurianov wins face-off versus Roman Horak in Little Stars zone.
0:49 of 1st period - Snap shot by Joakim Nygard.
0:49 of 1st period - Shot Misses the Net.
0:51 of 1st period - Snap shot by Reece Willcox.
0:51 of 1st period - Stopped by Elvis Merzlikins without a rebound.
0:52 of 1st period - Jean-Sebastien Dea wins face-off versus Radel Fazleev in Rampage zone.
1:59 of 1st period - Brendan Lemieux is hit by Ilya Mikheyev.
2:03 of 1st period - Jack Roslovic is hit by Daniel O'regan and loses puck.
2:21 of 1st period - Backhand shot by Tucker Poolman.
2:21 of 1st period - Shot Blocked by Charlie McAvoy.
2:23 of 1st period - Snap shot by Ilya Mikheyev.
2:23 of 1st period - Shot Blocked by Charlie McAvoy.
2:25 of 1st period - Slapshot by Reece Willcox.
2:25 of 1st period - Shot Misses the Net.
2:27 of 1st period - Wrist shot by Jordan LaVallee.
2:27 of 1st period - Shot Misses the Net.
2:55 of 1st period - Wrist shot by Daniel O'regan.
2:55 of 1st period - Deflect By Ilya Mikheyev.
2:55 of 1st period - Shot Blocked by Tony DeAngelo.
2:55 of 1st period - Puck is out of play.
2:56 of 1st period - Roman Horak wins face-off versus T.J. Tynan in Rampage zone.
3:03 of 1st period - Snap shot by Denis Gurianov.
3:03 of 1st period - Stopped by Dustin Tokarski without a rebound.
3:04 of 1st period - T.J. Tynan wins face-off versus Roman Horak in Little Stars zone.
4:17 of 1st period - Snap shot by Roman Horak.
4:17 of 1st period - Stopped by Elvis Merzlikins without a rebound.
4:18 of 1st period - T.J. Tynan wins face-off versus Roman Horak in Rampage zone.
4:48 of 1st period - Tucker Poolman is hit by Jean-Sebastien Dea and loses puck.
4:53 of 1st period - Snap shot by Jordan Greenway.
4:53 of 1st period - Shot Misses the Net.
5:29 of 1st period - Snap shot by Kevan Miller.
5:29 of 1st period - Stopped by Dustin Tokarski without a rebound.
5:30 of 1st period - T.J. Tynan wins face-off versus Sebastian Wannstrom in Little Stars zone.
5:48 of 1st period - Adam Clendening is hit by Eric Knodel and loses puck.
6:11 of 1st period - Slapshot by Jordan Kyrou.
6:11 of 1st period - Shot Blocked by Eric Knodel.
6:43 of 1st period - Wrist shot by Jean-Sebastien Dea.
6:43 of 1st period - Stopped by Dustin Tokarski with a rebound.
6:45 of 1st period - Wrist shot by Charlie McAvoy.
6:45 of 1st period - Shot Blocked by Daniil Tarasov.
6:47 of 1st period - Snap shot by Charlie McAvoy.
6:47 of 1st period - Stopped by Dustin Tokarski without a rebound.
6:48 of 1st period - Anthony Richard wins face-off versus Jason Dickinson in Little Stars zone.
7:15 of 1st period - Ilya Mikheyev is hit by Jordan Kyrou and loses puck.
8:06 of 1st period - Wrist shot by Jordan Greenway.
8:06 of 1st period - Stopped by Dustin Tokarski with a rebound.
8:16 of 1st period - Snap shot by Sebastian Wannstrom.
8:16 of 1st period - Stopped by Elvis Merzlikins with a rebound.
8:18 of 1st period - Snap shot by Jason Dickinson.
8:18 of 1st period - Stopped by Elvis Merzlikins without a rebound.
8:19 of 1st period - Jason Dickinson wins face-off versus Petr Straka in Rampage zone.
8:32 of 1st period - Snap shot by Adam Tambellini.
8:32 of 1st period - Stopped by Elvis Merzlikins with a rebound.
8:34 of 1st period - Snap shot by Sebastian Wannstrom.
8:34 of 1st period - Stopped by Elvis Merzlikins with a rebound.
8:53 of 1st period - Snap shot by Jack Roslovic.
8:53 of 1st period - Shot Misses the Net.
8:55 of 1st period - Slapshot by Ethan Bear.
8:55 of 1st period - Stopped by Dustin Tokarski with a rebound.
9:09 of 1st period - Tony DeAngelo is hit by Tucker Poolman and loses puck.
9:28 of 1st period - Snap shot by Michael Mersch.
9:28 of 1st period - Stopped by Elvis Merzlikins without a rebound.
9:29 of 1st period - Michael Mersch wins face-off versus Jean-Sebastien Dea in Rampage zone.
10:11 of 1st period - Michael Mersch is hit by Ryan Lomberg.
10:18 of 1st period - Minor Penalty to T.J. Tynan for Hooking.
10:19 of 1st period - Jack Roslovic wins face-off versus Daniel O'regan in Rampage zone.
10:19 of 1st period - Jack Roslovic is hit by Anton Cederholm.
10:25 of 1st period - Minor Penalty to Jordan LaVallee for Hooking.
10:26 of 1st period - Jean-Sebastien Dea wins face-off versus Emile Poirier in Little Stars zone.
10:31 of 1st period - Slapshot by Tony DeAngelo.
10:31 of 1st period - Stopped by Dustin Tokarski with a rebound.
11:56 of 1st period - Tucker Poolman is hit by Adam Clendening and loses puck.
12:11 of 1st period - Petr Straka is hit by Adam Tambellini and loses puck.
12:18 of 1st period - Penalty to T.J. Tynan is over, T.J. Tynan is back on ice.
12:25 of 1st period - Penalty to Jordan LaVallee is over, Jordan LaVallee is back on ice.
12:37 of 1st period - Off-side.
12:38 of 1st period - Jack Roslovic wins face-off versus Sebastian Wannstrom in neutral zone.
13:05 of 1st period - Denis Gurianov is hit by Ilya Mikheyev and loses puck.
13:34 of 1st period - Charlie McAvoy is hit by Tucker Poolman and loses puck.
13:45 of 1st period - Wrist shot by Michael Mersch.
13:45 of 1st period - Stopped by Elvis Merzlikins with a rebound.
13:47 of 1st period - Snap shot by Daniil Tarasov.
13:47 of 1st period - Shot Misses the Net.
13:57 of 1st period - Tony DeAngelo is hit by Lawrence Pilut and loses puck.
14:42 of 1st period - Snap shot by Jack Roslovic.
14:42 of 1st period - Stopped by Dustin Tokarski with a rebound.
15:00 of 1st period - Jordan Kyrou is hit by Tucker Poolman and loses puck.
15:05 of 1st period - Snap shot by Joakim Nygard.
15:05 of 1st period - Stopped by Elvis Merzlikins with a rebound.
15:15 of 1st period - Snap shot by Joakim Nygard.
15:15 of 1st period - Stopped by Elvis Merzlikins with a rebound.
15:23 of 1st period - Slapshot by Zach Budish.
15:23 of 1st period - Stopped by Elvis Merzlikins without a rebound.
15:24 of 1st period - Daniel O'regan wins face-off versus T.J. Tynan in Rampage zone.
15:31 of 1st period - Slapshot by Jordan LaVallee.
15:31 of 1st period - Shot Misses the Net.
15:49 of 1st period - Adam Tambellini is hit by Petr Straka and loses puck.
15:54 of 1st period - Slapshot by Petr Straka.
15:54 of 1st period - Goal by Petr Straka - Little Stars : 0 - Rampage : 1.
15:55 of 1st period - Jack Roslovic wins face-off versus Daniel O'regan in neutral zone.
15:58 of 1st period - Ilya Mikheyev is hit by Kevan Miller and loses puck.
16:54 of 1st period - Icing by Adam Clendening.
16:55 of 1st period - Anthony Richard wins face-off versus Ilya Mikheyev in Rampage zone.
17:08 of 1st period - Slapshot by Petr Straka.
17:08 of 1st period - Shot Misses the Net.
17:10 of 1st period - Slapshot by Adam Clendening.
17:10 of 1st period - Shot Blocked by Jordan LaVallee.
17:12 of 1st period - Slapshot by Collin Miller.
17:12 of 1st period - Shot Blocked by Reece Willcox.
17:14 of 1st period - Wrist shot by Petr Straka.
17:14 of 1st period - Shot Misses the Net.
17:16 of 1st period - Wrist shot by Petr Straka.
17:16 of 1st period - Stopped by Dustin Tokarski without a rebound.
17:17 of 1st period - Jack Roslovic wins face-off versus Jason Dickinson in Little Stars zone.
17:39 of 1st period - Icing by Charlie McAvoy.
17:40 of 1st period - T.J. Tynan wins face-off versus Daniel O'regan in Rampage zone.
17:55 of 1st period - Eric Knodel is hit by Ryan Lomberg and loses puck.
18:38 of 1st period - Snap shot by Sebastian Wannstrom.
18:38 of 1st period - Shot Blocked by Collin Miller.
18:40 of 1st period - Slapshot by Anton Cederholm.
18:40 of 1st period - Stopped by Elvis Merzlikins with a rebound.
18:56 of 1st period - Snap shot by Petr Straka.
18:56 of 1st period - Shot Misses the Net.
19:04 of 1st period - Snap shot by Sebastian Wannstrom.
19:04 of 1st period - Goal by Sebastian Wannstrom - Little Stars : 1 - Rampage : 1.
19:05 of 1st period - Jack Roslovic wins face-off versus Daniel O'regan in neutral zone.
19:10 of 1st period - Snap shot by Jack Roslovic.
19:10 of 1st period - Shot Misses the Net.
19:37 of 1st period - Snap shot by Ryan Lomberg.
19:37 of 1st period - Shot Misses the Net.
Goals for this period are 1 for Little Stars vs 1 for Rampage.
Shots for this period are 13 for Little Stars vs 11 for Rampage.
2nd period
0:01 of 2nd period - Daniel O'regan wins face-off versus Jack Roslovic in neutral zone.
1:25 of 2nd period - Minor Penalty to Tucker Poolman for Hooking.
1:26 of 2nd period - Jordan LaVallee wins face-off versus Jack Roslovic in Little Stars zone.
3:04 of 2nd period - Eric Knodel is hit by Jean-Sebastien Dea and loses puck.
3:25 of 2nd period - Penalty to Tucker Poolman is over, Tucker Poolman is back on ice.
3:41 of 2nd period - Wrist shot by Petr Straka.
3:41 of 2nd period - Stopped by Dustin Tokarski without a rebound.
3:42 of 2nd period - Roman Horak wins face-off versus Anthony Richard in Little Stars zone.
3:49 of 2nd period - Wrist shot by Joakim Nygard.
3:49 of 2nd period - Stopped by Elvis Merzlikins without a rebound.
3:50 of 2nd period - Artturi Lehkonen wins face-off versus Roman Horak in Rampage zone.
3:57 of 2nd period - Roman Horak is hit by Collin Miller and loses puck.
4:10 of 2nd period - Snap shot by Anton Cederholm.
4:10 of 2nd period - Shot Blocked by Adam Clendening.
4:36 of 2nd period - Wrist shot by Anthony Richard.
4:36 of 2nd period - Shot Misses the Net.
4:38 of 2nd period - Slapshot by Adam Clendening.
4:38 of 2nd period - Shot Misses the Net.
4:40 of 2nd period - Snap shot by Adam Clendening.
4:40 of 2nd period - Deflect By Petr Straka.
4:40 of 2nd period - Stopped by Dustin Tokarski with a rebound.
4:42 of 2nd period - Slapshot by Adam Clendening.
4:42 of 2nd period - Stopped by Dustin Tokarski with a rebound.
4:44 of 2nd period - Slapshot by Collin Miller.
4:44 of 2nd period - Shot Hit the Post.
4:48 of 2nd period - Snap shot by Petr Straka.
4:48 of 2nd period - Shot Blocked by Zach Budish.
4:50 of 2nd period - Slapshot by Collin Miller.
4:50 of 2nd period - Stopped by Dustin Tokarski with a rebound.
4:56 of 2nd period - Snap shot by Petr Straka.
4:56 of 2nd period - Stopped by Dustin Tokarski without a rebound.
4:57 of 2nd period - Jack Roslovic wins face-off versus Daniel O'regan in Little Stars zone.
5:00 of 2nd period - Wrist shot by Jack Roslovic.
5:00 of 2nd period - Shot Misses the Net.
5:02 of 2nd period - Snap shot by Kevan Miller.
5:02 of 2nd period - Shot Blocked by Tucker Poolman.
5:33 of 2nd period - Snap shot by Jordan Greenway.
5:33 of 2nd period - Stopped by Dustin Tokarski with a rebound.
5:35 of 2nd period - Slapshot by Kevan Miller.
5:35 of 2nd period - Stopped by Dustin Tokarski with a rebound.
6:05 of 2nd period - Minor Penalty to Jack Roslovic for Goalie Interference.
6:06 of 2nd period - Jason Dickinson wins face-off versus Jordan Greenway in Rampage zone.
6:11 of 2nd period - Wrist shot by Adam Tambellini.
6:11 of 2nd period - Shot Misses the Net.
6:13 of 2nd period - Snap shot by Eric Knodel.
6:13 of 2nd period - Stopped by Elvis Merzlikins with a rebound.
6:15 of 2nd period - Slapshot by Eric Knodel.
6:15 of 2nd period - Shot Misses the Net.
6:17 of 2nd period - Slapshot by Adam Tambellini.
6:17 of 2nd period - Goal by Adam Tambellini - Little Stars : 2 - Rampage : 1.
6:18 of 2nd period - Jordan LaVallee wins face-off versus Jack Roslovic in neutral zone.
6:23 of 2nd period - Snap shot by Jordan LaVallee.
6:23 of 2nd period - Stopped by Elvis Merzlikins with a rebound.
6:48 of 2nd period - Off-side.
6:49 of 2nd period - Jason Dickinson wins face-off versus Jordan Greenway in neutral zone.
6:56 of 2nd period - Off-side.
6:57 of 2nd period - Jack Roslovic wins face-off versus Jason Dickinson in neutral zone.
7:04 of 2nd period - Wrist shot by Jack Roslovic.
7:04 of 2nd period - Shot Misses the Net.
7:06 of 2nd period - Wrist shot by Jordan Kyrou.
7:06 of 2nd period - Stopped by Dustin Tokarski with a rebound.
7:30 of 2nd period - Snap shot by Daniel O'regan.
7:30 of 2nd period - Shot Misses the Net.
7:32 of 2nd period - Wrist shot by Ilya Mikheyev.
7:32 of 2nd period - Deflect By T.J. Tynan.
7:32 of 2nd period - Shot Blocked by Charlie McAvoy.
7:32 of 2nd period - Puck is out of play.
7:33 of 2nd period - Daniel O'regan wins face-off versus Jack Roslovic in Rampage zone.
8:00 of 2nd period - Ryan Lomberg is hit by Adam Tambellini and loses puck.
8:31 of 2nd period - Snap shot by Zach Budish.
8:31 of 2nd period - Shot Blocked by Mathieu Joseph.
8:57 of 2nd period - Icing by Tony DeAngelo.
8:58 of 2nd period - Jason Dickinson wins face-off versus Jack Roslovic in Rampage zone.
8:59 of 2nd period - Snap shot by Sebastian Wannstrom.
8:59 of 2nd period - Deflect By Jason Dickinson.
8:59 of 2nd period - Shot Misses the Net.
8:59 of 2nd period - Puck is out of play.
9:00 of 2nd period - Jordan Kyrou wins face-off versus Jason Dickinson in Rampage zone.
9:02 of 2nd period - Icing by Brendan Lemieux.
9:03 of 2nd period - Jason Dickinson wins face-off versus Jack Roslovic in Rampage zone.
9:04 of 2nd period - Slapshot by Sebastian Wannstrom.
9:04 of 2nd period - Shot Misses the Net.
9:06 of 2nd period - Snap shot by Jason Dickinson.
9:06 of 2nd period - Stopped by Elvis Merzlikins with a rebound.
9:08 of 2nd period - Slapshot by Frederic Allard.
9:08 of 2nd period - Stopped by Elvis Merzlikins without a rebound.
9:09 of 2nd period - Daniel O'regan wins face-off versus Jack Roslovic in Rampage zone.
9:20 of 2nd period - Snap shot by Daniel O'regan.
9:20 of 2nd period - Stopped by Elvis Merzlikins without a rebound.
9:21 of 2nd period - Jack Roslovic wins face-off versus Daniel O'regan in Rampage zone.
9:27 of 2nd period - Icing by Charlie McAvoy.
9:28 of 2nd period - Jack Roslovic wins face-off versus Daniel O'regan in Rampage zone.
9:32 of 2nd period - Icing by Brendan Lemieux.
9:33 of 2nd period - Jack Roslovic wins face-off versus Daniel O'regan in Rampage zone.
10:21 of 2nd period - Jordan Greenway is hit by Zach Budish and loses puck.
10:28 of 2nd period - Backhand shot by Joakim Nygard.
10:28 of 2nd period - Stopped by Elvis Merzlikins with a rebound.
10:30 of 2nd period - Snap shot by Joakim Nygard.
10:30 of 2nd period - Shot Blocked by Jordan Greenway.
10:44 of 2nd period - Wrist shot by Jordan LaVallee.
10:44 of 2nd period - Stopped by Elvis Merzlikins with a rebound.
10:46 of 2nd period - Snap shot by Jordan LaVallee.
10:46 of 2nd period - Shot Blocked by Mathieu Joseph.
11:30 of 2nd period - Slapshot by Kevan Miller.
11:30 of 2nd period - Stopped by Dustin Tokarski without a rebound.
11:31 of 2nd period - Jack Roslovic wins face-off versus Jordan LaVallee in Little Stars zone.
12:01 of 2nd period - Sebastian Wannstrom is hit by Denis Gurianov and loses puck.
12:58 of 2nd period - Wrist shot by Jordan LaVallee.
12:58 of 2nd period - Stopped by Elvis Merzlikins with a rebound.
13:00 of 2nd period - Snap shot by Anton Cederholm.
13:00 of 2nd period - Stopped by Elvis Merzlikins without a rebound.
13:01 of 2nd period - Daniel O'regan wins face-off versus T.J. Tynan in Rampage zone.
13:02 of 2nd period - Snap shot by Jordan LaVallee.
13:02 of 2nd period - Stopped by Elvis Merzlikins without a rebound.
13:03 of 2nd period - Daniel O'regan wins face-off versus Jack Roslovic in Rampage zone.
13:31 of 2nd period - Snap shot by Tucker Poolman.
13:31 of 2nd period - Stopped by Elvis Merzlikins with a rebound.
13:39 of 2nd period - Snap shot by Ryan Lomberg.
13:39 of 2nd period - Shot Blocked by Adam Tambellini.
13:41 of 2nd period - Slapshot by Kevan Miller.
13:41 of 2nd period - Shot Misses the Net.
13:59 of 2nd period - Ethan Bear is hit by Tucker Poolman and loses puck.
14:20 of 2nd period - Snap shot by Daniil Tarasov.
14:20 of 2nd period - Goal by Daniil Tarasov - Little Stars : 3 - Rampage : 1.
14:21 of 2nd period - Daniel O'regan wins face-off versus Jack Roslovic in neutral zone.
14:46 of 2nd period - Tony DeAngelo is hit by Sebastian Wannstrom and loses puck.
15:54 of 2nd period - Wrist shot by Artturi Lehkonen.
15:54 of 2nd period - Shot Misses the Net.
16:08 of 2nd period - Jason Dickinson is hit by Ryan Lomberg and loses puck.
16:32 of 2nd period - Wrist shot by Joakim Nygard.
16:32 of 2nd period - Stopped by Elvis Merzlikins without a rebound.
16:33 of 2nd period - Jack Roslovic wins face-off versus Daniel O'regan in Rampage zone.
16:49 of 2nd period - Wrist shot by Daniel O'regan.
16:49 of 2nd period - Shot Blocked by Tony DeAngelo.
17:02 of 2nd period - Tony DeAngelo is hit by Frederic Allard and loses puck.
17:45 of 2nd period - Wrist shot by Radel Fazleev.
17:45 of 2nd period - Stopped by Elvis Merzlikins without a rebound.
17:46 of 2nd period - Jack Roslovic wins face-off versus Radel Fazleev in Rampage zone.
17:59 of 2nd period - Snap shot by Jordan Kyrou.
17:59 of 2nd period - Stopped by Dustin Tokarski with a rebound.
18:01 of 2nd period - Wrist shot by Jack Roslovic.
18:01 of 2nd period - Shot Misses the Net.
18:11 of 2nd period - Kevan Miller is hit by Ilya Mikheyev and loses puck.
18:18 of 2nd period - Jordan LaVallee is hit by Denis Gurianov and loses puck.
18:31 of 2nd period - Slapshot by Artturi Lehkonen.
18:31 of 2nd period - Shot Blocked by Reece Willcox.
19:28 of 2nd period - Collin Miller is hit by Anton Cederholm and loses puck.
19:39 of 2nd period - Slapshot by T.J. Tynan.
19:39 of 2nd period - Stopped by Dustin Tokarski with a rebound.
19:41 of 2nd period - Slapshot by Adam Clendening.
19:41 of 2nd period - Stopped by Dustin Tokarski with a rebound.
19:43 of 2nd period - Slapshot by Collin Miller.
19:43 of 2nd period - Goal by Collin Miller - Little Stars : 3 - Rampage : 2.
19:44 of 2nd period - Daniel O'regan wins face-off versus Jack Roslovic in neutral zone.
Goals for this period are 2 for Little Stars vs 1 for Rampage.
Shots for this period are 16 for Little Stars vs 13 for Rampage.
3rd period
0:01 of 3rd period - Daniel O'regan wins face-off versus Jack Roslovic in neutral zone.
0:26 of 3rd period - T.J. Tynan is hit by Anton Cederholm and loses puck.
0:41 of 3rd period - Denis Gurianov is hit by Jason Dickinson and loses puck.
0:56 of 3rd period - Backhand shot by Jordan Greenway.
0:56 of 3rd period - Shot Misses the Net.
0:58 of 3rd period - Slapshot by Kevan Miller.
0:58 of 3rd period - Deflect By Jean-Sebastien Dea.
0:58 of 3rd period - Shot Misses the Net.
0:58 of 3rd period - Puck is out of play.
0:59 of 3rd period - Daniel O'regan wins face-off versus Jack Roslovic in Little Stars zone.
2:10 of 3rd period - Slapshot by Anthony Richard.
2:10 of 3rd period - Stopped by Dustin Tokarski with a rebound.
2:12 of 3rd period - Slapshot by Ethan Bear.
2:12 of 3rd period - Stopped by Dustin Tokarski without a rebound.
2:13 of 3rd period - Daniel O'regan wins face-off versus Jack Roslovic in Little Stars zone.
2:24 of 3rd period - Wrist shot by Jordan Kyrou.
2:24 of 3rd period - Shot Misses the Net.
3:25 of 3rd period - Frederic Allard is hit by Jean-Sebastien Dea and loses puck.
3:45 of 3rd period - Off-side.
3:46 of 3rd period - Jack Roslovic wins face-off versus Radel Fazleev in neutral zone.
4:11 of 3rd period - Snap shot by Michael Mersch.
4:11 of 3rd period - Stopped by Elvis Merzlikins without a rebound.
4:12 of 3rd period - Jason Dickinson wins face-off versus T.J. Tynan in Rampage zone.
4:17 of 3rd period - Slapshot by Jason Dickinson.
4:17 of 3rd period - Deflect By Sebastian Wannstrom.
4:17 of 3rd period - Stopped by Elvis Merzlikins without a rebound.
4:18 of 3rd period - Jason Dickinson wins face-off versus Jack Roslovic in Rampage zone.
4:42 of 3rd period - Minor Penalty to Anton Cederholm for High sticking.
4:43 of 3rd period - Jordan LaVallee wins face-off versus Jack Roslovic in Little Stars zone.
5:12 of 3rd period - Ilya Mikheyev is hit by Ethan Bear and loses puck.
6:25 of 3rd period - Icing by Ethan Bear.
6:26 of 3rd period - Jordan LaVallee wins face-off versus Jean-Sebastien Dea in Rampage zone.
6:42 of 3rd period - Penalty to Anton Cederholm is over, Anton Cederholm is back on ice.
6:59 of 3rd period - Joakim Nygard is hit by Anthony Richard and loses puck.
7:16 of 3rd period - Snap shot by Jordan Greenway.
7:16 of 3rd period - Stopped by Dustin Tokarski with a rebound.
7:19 of 3rd period - Icing by Jason Dickinson.
7:20 of 3rd period - Jason Dickinson wins face-off versus Jack Roslovic in Little Stars zone.
7:34 of 3rd period - Minor Penalty to Charlie McAvoy for Hooking.
7:35 of 3rd period - Ilya Mikheyev wins face-off versus Jack Roslovic in Rampage zone.
8:58 of 3rd period - Anton Cederholm is hit by Mathieu Joseph.
9:04 of 3rd period - Snap shot by T.J. Tynan.
9:04 of 3rd period - Stopped by Dustin Tokarski without a rebound.
9:05 of 3rd period - Jack Roslovic wins face-off versus Daniel O'regan in Little Stars zone.
9:34 of 3rd period - Penalty to Charlie McAvoy is over, Charlie McAvoy is back on ice.
10:50 of 3rd period - Petr Straka is hit by Tucker Poolman and loses puck.
11:13 of 3rd period - Snap shot by Daniil Tarasov.
11:13 of 3rd period - Shot Blocked by Ethan Bear.
11:15 of 3rd period - Slapshot by Tucker Poolman.
11:15 of 3rd period - Shot Blocked by Ethan Bear.
11:41 of 3rd period - Slapshot by Tony DeAngelo.
11:41 of 3rd period - Stopped by Dustin Tokarski without a rebound.
11:42 of 3rd period - Jordan Greenway wins face-off versus Jason Dickinson in Little Stars zone.
11:48 of 3rd period - Off-side.
11:49 of 3rd period - Jack Roslovic wins face-off versus Daniel O'regan in neutral zone.
12:16 of 3rd period - Sebastian Wannstrom is hit by Denis Gurianov and loses puck.
12:49 of 3rd period - Slapshot by Collin Miller.
12:49 of 3rd period - Deflect By Jordan Greenway.
12:49 of 3rd period - Stopped by Dustin Tokarski without a rebound.
12:50 of 3rd period - Daniel O'regan wins face-off versus Jack Roslovic in Little Stars zone.
13:15 of 3rd period - Sebastian Wannstrom is hit by Ryan Lomberg and loses puck.
13:58 of 3rd period - Slapshot by Anton Cederholm.
13:58 of 3rd period - Shot Blocked by Ethan Bear.
14:01 of 3rd period - Icing by Kevan Miller.
14:02 of 3rd period - Daniel O'regan wins face-off versus Anthony Richard in Rampage zone.
14:28 of 3rd period - Slapshot by Petr Straka.
14:28 of 3rd period - Shot Misses the Net.
14:33 of 3rd period - Icing by Anton Cederholm.
14:34 of 3rd period - Jack Roslovic wins face-off versus Daniel O'regan in Little Stars zone.
14:45 of 3rd period - Slapshot by Daniel O'regan.
14:45 of 3rd period - Stopped by Elvis Merzlikins without a rebound.
14:46 of 3rd period - Jason Dickinson wins face-off versus Jack Roslovic in Rampage zone.
15:03 of 3rd period - Charlie McAvoy is hit by Jason Dickinson and loses puck.
16:19 of 3rd period - Snap shot by Brendan Lemieux.
16:19 of 3rd period - Shot Misses the Net.
16:43 of 3rd period - Backhand shot by Mathieu Joseph.
16:43 of 3rd period - Stopped by Dustin Tokarski with a rebound.
16:45 of 3rd period - Slapshot by Mathieu Joseph.
16:45 of 3rd period - Shot Misses the Net.
17:23 of 3rd period - Slapshot by Ethan Bear.
17:23 of 3rd period - Stopped by Dustin Tokarski without a rebound.
17:24 of 3rd period - Roman Horak wins face-off versus Jean-Sebastien Dea in Little Stars zone.
17:26 of 3rd period - Minor Penalty to Joakim Nygard for Interference.
17:27 of 3rd period - Jack Roslovic wins face-off versus Jordan LaVallee in Little Stars zone.
17:39 of 3rd period - Slapshot by Anton Cederholm.
17:39 of 3rd period - Shot Blocked by Tony DeAngelo.
17:57 of 3rd period - Slapshot by Tony DeAngelo.
17:57 of 3rd period - Deflect By Ryan Lomberg.
17:57 of 3rd period - Stopped by Dustin Tokarski without a rebound.
17:58 of 3rd period - Jack Roslovic wins face-off versus Adam Tambellini in Little Stars zone.
19:26 of 3rd period - Penalty to Joakim Nygard is over, Joakim Nygard is back on ice.
19:35 of 3rd period - Rampage, Elvis Merzlikins is pulled from the net.
Goals for this period are 0 for Little Stars vs 0 for Rampage.
Shots for this period are 3 for Little Stars vs 9 for Rampage.